 Dungeon Crawl Stone Soup version 0.23.2-33-g5129a83184 (webtiles) character file.

Game seed: 2709216566130554006

56 H0rd4k the Magician (level 3, 0/19 HPs)
             Began as a Deep Elf Wizard on July 15, 2019.
             Slain by a gnoll
             ... wielding a +0 spear
              (3 damage)
             ... on level 2 of the Dungeon.
             The game lasted 00:02:43 (1392 turns).

H0rd4k the Magician (Deep Elf Wizard)               Turns: 1392, Time: 00:02:43

Health: 0/19       AC:  7    Str:  4    XL:     3   Next: 69%
Magic:  6/12       EV: 13    Int: 23    God:
Gold:   46         SH:  0    Dex: 13    Spells: 7/13 levels left

rFire    . . .     SeeInvis .   (no weapon)
rCold    . . .     Gourm    .   (no shield)
rNeg     . . .     Faith    .   f - +0 robe (curse)
rPois    .         Spirit   .   b - +0 hat
rElec    .         Reflect  .   (no cloak)
rCorr    .         Harm     .   c - +2 pair of gloves
MR       .....                  h - +1 pair of boots
Stlth    ++........             (no amulet)
HPRegen  0.06/turn              (no ring)
MPRegen  0.13/turn              (no ring)

@: no status effects
A: no striking features
a: no special abilities


You were on level 2 of the Dungeon.
You were very hungry.

You visited 1 branch of the dungeon, and saw 2 of its levels.

You collected 46 gold pieces.

Inventory:

Armour
 a - a +0 robe
 b - a +0 hat (worn)
 c - a +2 pair of gloves (worn)
 f - a cursed +0 robe (worn)
 h - a +1 pair of boots (worn)
Scrolls
 e - a scroll of amnesia {unknown}
 g - a scroll of identify {unknown}
Potions
 i - a potion of cancellation {unknown}
 j - 3 potions of magic {unknown}
 k - a potion of lignification {unknown}
Comestibles
 d - a ration


   Skills:
 + Level 2.9 Dodging
 + Level 2.7 Stealth
 + Level 5.6 Spellcasting
 + Level 2.1 Conjurations
   Level 1.1 Summonings
 + Level 1.1 Translocations
 * Level 0.1 Fire Magic


You had 7 spell levels left.
You knew the following spells:

 Your Spells              Type           Power        Failure   Level  Hunger
a - Magic Dart            Conj           ###.         3%          1    None
b - Blink                 Tloc           N/A          9%          2    None
c - Conjure Flame         Conj/Fire      ##......     17%         3    ##.....

Your spell library contained the following spells:

 Spells                   Type           Power        Failure   Level  Hunger
 Call Imp                 Summ           ##......     9%          2    None
 Slow                     Hex            #.......     14%         2    None
 Mephitic Cloud           Conj/Pois/Air  #.......     21%         3    ##.....


Dungeon Overview and Level Annotations

Branches:
Dungeon (2/15)

Altars:


Message History

Confirm with . or Enter, or press ? or * to list all spells.
Aiming: Magic Dart (safe; 3% risk of failure)
Press: ? - help, Shift-Dir - straight line, f/p - gnoll
Aim: a gnoll, wielding a +0 spear (severely wounded)
The magic dart hits the gnoll but does no damage.
The gnoll is severely wounded.
The gnoll hits you from afar with a +0 spear!
Ouch! That really hurt!
* * * LOW HITPOINT WARNING * * *
Casting: Magic Dart (safe; 3% risk of failure)
Confirm with . or Enter, or press ? or * to list all spells.
Aiming: Magic Dart (safe; 3% risk of failure)
Press: ? - help, Shift-Dir - straight line, f/p - gnoll
Aim: a gnoll, wielding a +0 spear (severely wounded)
The magic dart hits the gnoll.
The gnoll is severely wounded.
The gnoll shouts!
The bat closely misses you.
The gnoll hits you from afar with a +0 spear.
You die...

....................
............).......
....#+##..g##.#.#..
.......#...# .# #
.......#...##.#
.......#......#
.......#g.....#
.......<......#
........@.....#
................
................
.......##.......
....... .......
...... .....#.


You could see 2 gnolls and a bat.

Vanquished Creatures
  An adder (D:2)
  3 dart slugs
  2 leopard geckos (D:1)
  5 bats (D:1)
  3 giant cockroaches
  6 goblins (D:1)
  4 hobgoblins
  8 kobolds
  5 rats (D:1)
37 creatures vanquished.

Notes
Turn   | Place    | Note
-------+----------+-------------------------------------------
     0 | D:1      | H0rd4k the Deep Elf Wizard began the quest for the Orb.
     0 | D:1      | Reached XP level 1. HP: 10/10 MP: 7/7
   156 | D:1      | Reached XP level 2. HP: 10/15 MP: 3/9
   203 | D:1      | Learned a level 2 spell: Blink
   411 | D:1      | Reached skill level 5 in Spellcasting
   784 | D:1      | Reached XP level 3. HP: 19/19 MP: 9/11
   789 | D:1      | Learned a level 3 spell: Conjure Flame
  1392 | D:2      | Slain by a gnoll

Skill      XL: |  1  2  3 |
---------------+----------+-----
Spellcasting   | 5 |  5.6
Conjurations   | 2 |  2.1
Dodging        | |  2.9
Stealth        | |  2.7
Summonings     | |  1.1
Translocations | |  1.1
Fire Magic     | |  0.1

Action                   || total
-------------------------++-------
 Cast: Magic Dart        ||   100
Armor: Robe              ||    11
Dodge: Dodged            ||    36
